 Dungeon Crawl Stone Soup version 0.28-a0-1206-g193881aaa2 (webtiles) character file.

Game seed: 6300255844503859823

11 Soren the Covered (level 2, 24/24 HPs)
             Began as a Human Fighter on Dec 20, 2021.
             Got out of the dungeon alive.
             The game lasted 00:01:47 (515 turns).

Soren the Covered (Human Fighter)                    Turns: 515, Time: 00:01:48

Health: 24/24      AC:  6    Str: 14 (16) XL:     2   Next: 35%
Magic:  2/2        EV:  9    Int:  6 (8)  God:
Gold:   0          SH:  0    Dex:  9 (12) Spells: 1/1 levels left

rFire   . . .      SeeInvis .   a - +0 flail
rCold   . . .      Faith    .   (no shield)
rNeg    . . .      Spirit   .   b - +0 scale mail
rPois   .          Reflect  .   (no helmet)
rElec   .          Harm     .   (no cloak)
rCorr   .          Rampage  .   (no gloves)
Will    .....                   (no boots)
Stlth   ..........              (no amulet)
HPRegen 0.08/turn               (no ring)
MPRegen 0.08/turn               (no ring)

@: no status effects
A: no striking features
a: no special abilities


You escaped.
You visited 1 branch of the dungeon, and saw 1 of its levels.

Inventory:

Hand Weapons
 a - a +0 flail (weapon)
Armour
 b - a +0 scale mail (worn)
Scrolls
 c - a scroll of noise {unknown}
Potions
 d - a potion of might


   Skills:
 + Level 3.0 Fighting
 * Level 2.6 Maces & Flails
 + Level 3.1 Armour
 - Level 3.0 Shields


You had one spell level left.
You didn't know any spells.
Your spell library was empty.

Dungeon Overview and Level Annotations

Branches:
Dungeon (1/15)

Altars:


Message History

The ball python barely misses you. The ball python constricts you.
You closely miss the ball python.
The ball python bites you but does no damage.
The ball python constricts you. The rat barely misses you.
The ball python bites you. The ball python constricts you.
The rat barely misses you.
You sock the ball python!
You kill the ball python!
The rat bites you but does no damage.
You thump the rat!
You kill the rat!
You start resting.
HP restored.
Found a bubbling blue potion.
c - a bubbling blue potion You aren't carrying any scrolls.
Found a scroll labelled ISIOJA LINE PIL.
It was a potion of degeneration.
There was something very wrong with that liquid.
You feel weakened.
You feel dopey.
You feel clumsy.
A kobold comes into view. It is wielding a +0 dagger.
The kobold shouts!
You see here a scroll labelled ISIOJA LINE PIL.
c - a scroll labelled ISIOJA LINE PIL The kobold throws a stone.
The stone hits you but does no damage.
Found a smoky emerald potion.
The kobold hits you but does no damage.
You sock the kobold!
You kill the kobold!
e - a smoky emerald potion It was a potion of curing.
You feel better.
Found a chain mail.
You see here a +0 whip.
You see here 29 stones.
There is a staircase leading out of the dungeon here.
You see here a +0 buckler.
You can't go down here!
You can't go down here!
Are you sure you want to leave the Dungeon?
This will make you lose the game!
You have escaped!

##.......##
##..##.#...##
##...#.)##...##
##..#.#..###...#
##..##..#.#
##..##
##..###.##.#
##..# ##..##
#..#.####.(.#
...##
#......#....#
..##
#.####.#.@.##
...# #.. #....#
##..# #.##
##...# # #..#
#.# ##..# #
#..##[. ...#
#..#.# ..##
#...# .## #.. .#


There were no monsters in sight!

Vanquished Creatures
  2 bats (D:1)
  A hobgoblin (D:1)
  3 kobolds (D:1)
  A ball python (D:1)
  2 frilled lizards (D:1)
  2 rats (D:1)
11 creatures vanquished.

Notes
Turn   | Place    | Note
-------+----------+-------------------------------------------
     0 | D:1      | Soren the Human Fighter began the quest for the Orb.
     0 | D:1      | Reached XP level 1. HP: 18/18 MP: 1/1
    55 | D:1      | Reached XP level 2. HP: 6/24 MP: 2/2
   515 | D:$      | Got out of the dungeon alive.

Illustrated notes

Levels and vault maps discovered:
D:1:      dpeg_chamrin_arrival_tetris, layout_basic,
          chequers_ecumenical_altar_lobes, chequers_garden

Action                   || total
-------------------------++-------
Melee: Flail             ||    25
  Use: Potion            ||     2
Armor: Scale mail        ||    34
Dodge: Dodged            ||    24

Table legend: (Time is in decaauts)
 A = Elapsed time spent in this place.
 B = Non-inter-level travel time spent in this place.
 C = Inter-level travel time spent in this place.
 D = Time resting spent in this place.
 E = Time spent auto-exploring this place.
 F = Levels seen in this place.
 G = Mean time per level.
                   A        B        C        D        E       F      G
               +--------+--------+--------+--------+--------+-----+--------+
         Total |    522 |    380 |    142 |    319 |      0 |   1 |  522.0 |
       Dungeon |    522 |    380 |    142 |    319 |      0 |   1 |  522.0 |
               +--------+--------+--------+--------+--------+-----+--------+

Top non-repeatable levels by time:
     D:1: 522 daAuts
